 Dungeon Crawl Stone Soup version 0.31-a0-978-g1e143483b6 (webtiles) character file.

Game seed: 6680566651769587173

13183 LeprechaunX the Mimic (level 12, -3/90 HPs)
             Began as an Octopode Shapeshifter on Oct 30, 2023.
             Was a Priest of Hepliaklqana.
             Slain by an azure jelly (5 damage)
             ... in an ice cave.
             The game lasted 00:20:26 (9763 turns).

LeprechaunX the Mimic (Octopode Shapeshifter)       Turns: 9763, Time: 00:20:26

Health: -3/90      AC:  9    Str: 26    XL:     12   Next: 3%
Magic:  17/19      EV: 15    Int: 12    God:    Hepliaklqana [***...]
Gold:   722        SH:  0    Dex: 21    Spells: 19/21 levels left

rFire   . . .        a - melded +0 arbalest
rCold   + . .        (shield currently unavailable)
rNeg    + . .        (helmet currently unavailable)
rPois   +            F - amulet of regeneration
rElec   .            e - ring of protection from cold
rCorr   .            v - ring of positive energy
SInv    .            w - +5 ring of evasion
Will    .....        H - ring of flight
Stlth   ++           I - +6 ring of dexterity
HPRegen 1.15/turn    L - ring of poison resistance
MPRegen 0.16/turn    N - +6 ring of strength
                     (no ring)

%: no passive effects
@: snake-form, flying, very slightly contaminated
A: constrict, boosted hp, reduced essence, almost no armour, amphibious, 8
rings, large, (camouflage 1), (gelatinous body 1), (nimble swimmer 1),
(tentacles)
a: Begin Untransformation, Renounce Religion, Recall Ancestor, Ancestor
Identity, Transference


You were in an ice cave.
You worshipped Hepliaklqana.
Hepliaklqana was most pleased with you.
You were an enormous anaconda.
You visited 2 branches of the dungeon, and saw 12 of its levels.
You also visited: Ice Cave.

You collected 722 gold pieces.

Inventory:

Hand Weapons
 a - a +0 arbalest (melded)
 t - a +0 sling
 R - a +0 shortbow of freezing
Armour
 s - an orb of mayhem
Jewellery
 e - a ring of protection from cold (left tentacle)
 v - a ring of positive energy (right tentacle)
 w - a +5 ring of evasion (on tentacle)
 F - an amulet of regeneration (around neck)
 H - a ring of flight (on tentacle)
 I - a +6 ring of dexterity (on tentacle)
 L - a ring of poison resistance (on tentacle)
 N - a +6 ring of strength (on tentacle)
Talismans
 b - a beast talisman
 c - a flux talisman
 z - a serpent talisman (active)
Wands
 G - a wand of charming (24)
 M - a wand of mindburst (4)
 P - a wand of flame (2) (quivered)
Scrolls
 d - 2 scrolls of brand weapon
 f - 2 scrolls of immolation
 g - 5 scrolls of noise
 h - a scroll of enchant armour
 k - 3 scrolls of fog
 m - 7 scrolls of teleportation
 n - 3 scrolls of amnesia
 r - a scroll of poison {unknown}
 u - a scroll of torment {unknown}
 y - a scroll of fear {unknown}
 E - 2 scrolls of blinking {unknown}
 K - a scroll of summoning {unknown}
 Q - a scroll of vulnerability {unknown}
 S - a scroll of enchant weapon {unknown}
Potions
 i - 3 potions of curing
 j - a potion of lignification
 l - 3 potions of heal wounds
 o - a potion of haste {unknown}
 p - 2 potions of ambrosia {unknown}
 q - a potion of brilliance {unknown}
 x - 2 potions of invisibility {unknown}
 A - a potion of magic {unknown}
 B - 4 potions of mutation
 C - a potion of berserk rage {unknown}
 D - a potion of enlightenment {unknown}
 J - a potion of attraction {unknown}


   Skills:
 + Level 8.5 Fighting
 - Level 2.0 Dodging
 + Level 7.3 Unarmed Combat
 - Level 5.0 Spellcasting
 - Level 5.3 Translocations
 - Level 4.2 Invocations
 + Level 5.7 Evocations
 * Level 11.3 Shapeshifting


You had 19 spell levels left.
You knew the following spells:

 Your Spells              Type           Power      Damage    Failure   Level
a - Blink                 Tloc           30%        N/A       3%          2

Your spell library contained the following spells:

 Spells                   Type           Power      Damage    Failure   Level
 Lesser Beckoning         Tloc           30%        N/A       3%          2
 Momentum Strike          Conj/Tloc      18%        3d8       11%         2
 Volatile Blastmotes      Fire/Tloc      18%        2d11      21%         3
 Dazzling Flash           Conj/Hex       6%         N/A       52%         3
 Inner Flame              Hex/Fire       3%         N/A       52%         3
 Flame Wave               Conj/Fire      3%         2d5       89%         4
 Sticky Flame             Conj/Fire      3%         2d3       89%         4
 Starburst                Conj/Fire      1%         6d3       100%        6
 Maxwell's Capacitive Co  Air            1%         ∞         100%        8


Dungeon Overview and Level Annotations

Branches:
Dungeon (11/15)            Temple (1/1) D:5           IceCv (1/1)
   Lair: D:8-11         Orc: D:9-12

Altars:
Ashenzari
Cheibriados
Dithmenos
Elyvilon
Fedhas
Gozag
Hepliaklqana
Kikubaaqudgha
Makhleb
Nemelex Xobeh
Okawaru
Qazlal
Ru
Sif Muna
Trog
Uskayaw
Vehumet
Wu Jian
Xom
Yredelemnul
Zin
The Shining One

Shops:
D:6 *   D:8 :*

Annotations:
D:3 exclusion: statue
D:11 Lodul


Innate Abilities, Weirdness & Mutations

You are an enormous anaconda.
You have a powerful constriction melee attack.
Your maximum health is increased.
Your armour is entirely melded.
You are incapable of wielding weapons or throwing items.
Your life essence is reduced to manifest your ancestor. (-10% HP)
You cannot wear most types of armour.
You are amphibious.
You can wear up to eight rings at the same time.
((Your skin changes colour to match your surroundings (Stealth+).))
((Your rubbery body absorbs attacks. (AC +1, EV +1)))
((You are camouflaged when in or above water. (Stealth+)))
((You have tentacles for arms and can constrict up to eight enemies at once.))


Message History

The slime creature quivers.
Lash: -) Nothing wielded
Press: ? - help, Dir - move target, f - azure jelly
Aim: an azure jelly (about 28% to evade your tentacles)
Okay, then.
Lash: -) Nothing wielded
Press: ? - help, Dir - move target, f - azure jelly
Aim: an azure jelly (about 28% to evade your tentacles)
Okay, then.
Aiming: Throw Flame
Press: ? - help, Q - select action, (/) - cycle Shift-Dir - straight line, f - azure jelly
Aim: an azure jelly (74% to hit)
The puff of flame hits the azure jelly.
The azure jelly is lightly wounded.
The azure jelly closely misses you. The azure jelly hits you.
The azure jelly freezes you! You resist. The azure jelly hits you!
The azure jelly closely misses you. The azure jelly completely misses you.
The azure jelly barely misses you. The azure jelly hits you.
The azure jelly misses you.
Unknown command.
Aiming: Throw Flame
Press: ? - help, Q - select action, (/) - cycle Shift-Dir - straight line, f/p - azure jelly
Aim: an azure jelly (lightly wounded, 74% to hit)
The puff of flame hits the azure jelly!
The azure jelly is burned terribly!
The azure jelly is moderately wounded.
The azure jelly hits you. The azure jelly freezes you! You resist.
* * * LOW HITPOINT WARNING * * *
The azure jelly hits you!
* * * LOW HITPOINT WARNING * * *
The azure jelly freezes you! You resist.
* * * LOW HITPOINT WARNING * * *
The azure jelly completely misses you.
The azure jelly hits you but does no damage.
Unknown command.
Casting: Blink (safe; 3% risk of failure)
Confirm with . or Enter, or press ? or * to list all spells.
You miscast Blink.
You are very lightly contaminated with residual magic.
Nothing appears to happen.
The azure jelly hits you.
You die...

#...J...J.....####..
#......##########..... .....##
#######.......
...######...........##
####......J..J.....##
###.......###########
#.......### ##########
########...J### #.........
##.....###...S### ###.........
#........###....###.....###...
#.....#....##.........######..
#.....##.J..####....###[[.###.
##.....##....########..)[##...
##.....###..J...##.....##....
####....####...J..J####...##
###.....###...####....##
###.....#####.....###


You could see an azure jelly.

Vanquished Creatures
  A two-headed ogre (D:10)
  Pikel (D:4)
  A manticore (D:11)
  2 ice statues (IceCv)
  Jeremiah (D:8)
  2 rime drakes (D:11)
  Sigmund (D:4)
  2 yaks (D:10)
  2 slime creatures (IceCv)
  2 wyverns (D:9)
  2 vampire mosquitoes (D:11)
  A water moccasin (D:6)
  2 black bears
  4 orc warriors
  An ice beast (D:6)
  6 ogres
  2 sky beasts
  2 centaurs
  5 slime creature simulacra (IceCv)
  2 kobold brigands
  8 bullfrogs
  2 gnoll sergeants
  2 scorpions
  2 glowing shapeshifter simulacra (IceCv)
  3 wights (D:7)
  7 killer bees
  2 howler monkeys (D:7)
  5 hounds
  2 jellies
  8 orc priests
  2 gnoll boudas
  7 orc wizards
  4 shapeshifter simulacra (IceCv)
  16 gnolls
  10 adders
  A shadow imp (D:6)
  4 white imps
  2 worms
  5 dart slugs
  32 orcs
  12 endoplasms
  2 giant cockroaches
  13 goblins
  9 hobgoblins
  3 quokkas
  7 ball pythons
  5 bats
  6 frilled lizards
  15 kobolds
  6 rats
244 creatures vanquished.

Vanquished Creatures (collateral kills)
  A centaur warrior (D:11)
  2 unseen horrors
  A troll (D:11)
  A slime creature (IceCv)
  2 wyverns (D:10)
  2 yaks (D:10)
  Grum (D:11)
  2 vampire mosquitoes (D:11)
  An acid dragon (D:9)
  An orc warrior (D:9)
  5 ogres (D:11)
  2 wolves (D:11)
  A kobold brigand (D:11)
  A slime creature simulacrum (IceCv)
  A gnoll sergeant (D:9)
  2 killer bees
  2 orc priests
  3 orc wizards
  3 shapeshifter simulacra (IceCv)
  6 gnolls
  6 orcs
  3 kobolds
49 creatures vanquished.

Vanquished Creatures (others)
  A quicksilver ooze (IceCv)
  6 battlemagi
  3 ancestors
10 creatures vanquished.

Grand Total: 303 creatures vanquished

Notes
Turn   | Place    | Note
-------+----------+-------------------------------------------
     0 | D:1      | LeprechaunX the Octopode Shapeshifter began the quest for
                  | the Orb.
     0 | D:1      | Reached XP level 1. HP: 13/13 MP: 1/1
   143 | D:1      | Reached XP level 2. HP: 5/18 MP: 2/2
   200 | D:1      | You fall into a shaft and drop 1 floor!
   200 | D:2      | Found a sparkling altar of Nemelex Xobeh.
   549 | D:1      | Reached XP level 3. HP: 23/23 MP: 3/3
  1172 | D:2      | Reached XP level 4. HP: 29/29 MP: 4/4
  1201 | D:2      | Reached skill level 4 in Shapeshifting
  1857 | D:3      | Found a faded altar of an unknown god.
  1961 | D:3      | Reached XP level 5. HP: 34/35 MP: 5/5
  2008 | D:3      | Found a radiant altar of Vehumet.
  2008 | D:3      | Noticed a frost-covered statue
  2484 | D:4      | Noticed a lemure
  2484 | D:4      | Noticed a lemure
  2484 | D:4      | Noticed Pikel
  2485 | D:4      | Noticed a lemure
  2647 | D:4      | Noticed a lemure
  2656 | D:4      | Killed Pikel
  2657 | D:4      | Reached skill level 5 in Shapeshifting
  2657 | D:4      | Reached XP level 6. HP: 33/43 MP: 6/6
  2657 | D:4      | Reached XP level 7. HP: 36/47 MP: 7/7
  3026 | D:4      | Reached skill level 6 in Shapeshifting
  3229 | D:4      | Noticed Sigmund
  3240 | D:4      | Killed Sigmund
  3241 | D:4      | Reached skill level 5 in Unarmed Combat
  3454 | D:4      | Reached XP level 8. HP: 54/54 MP: 8/8
  3889 | D:5      | Entered Level 5 of the Dungeon
  4061 | D:5      | Found a staircase to the Ecumenical Temple.
  4085 | Temple   | Entered the Ecumenical Temple
  4094 | Temple   | Became a worshipper of Hepliaklqana the Forgotten
  4108 | D:5      | Learned a level 2 spell: Blink
  4455 | D:6      | Reached skill level 7 in Shapeshifting
  4624 | D:5      | Reached skill level 1 in Invocations
  4638 | D:6      | Reached skill level 1 in Translocations
  4712 | D:6      | Reached skill level 1 in Spellcasting
  4721 | D:6      | Reached skill level 5 in Fighting
  4882 | D:6      | Reached XP level 9. HP: 57/61 MP: 11/11
  5229 | D:6      | Found a burning altar of Makhleb.
  5271 | D:6      | Found Pashrid's Serpentskin Sales.
  5544 | D:7      | Reached * piety under Hepliaklqana
  5704 | D:7      | HP: 2/54 [orc warrior/+0 hand axe (13)]
  5708 | D:8      | Reached skill level 8 in Shapeshifting
  6487 | D:8      | Found Ribeusch's Tremendous Tomes.
  6598 | D:8      | Reached XP level 10. HP: 45/61 MP: 13/15
  6870 | D:8      | Noticed Jeremiah
  6995 | D:8      | Killed Jeremiah
  7077 | D:8      | Reached skill level 9 in Shapeshifting
  7230 | D:8      | Found Gozag's Platinum Reserve.
  7234 | D:8      | Found an opulent altar of Gozag.
  7319 | D:9      | Found an ancient bone altar of Kikubaaqudgha.
  7323 | D:9      | Found a sacrificial altar of Ru.
  7344 | D:9      | Reached skill level 1 in Evocations
  7663 | D:9      | Reached ** piety under Hepliaklqana
  7664 | D:9      | Remembered your ancestor Aahotepre as a battlemage
  8027 | D:10     | Entered Level 10 of the Dungeon
  8113 | D:10     | Noticed a two-headed ogre
  8121 | D:10     | Killed a two-headed ogre
  8213 | D:10     | Reached skill level 5 in Translocations
  8220 | D:10     | Reached XP level 11. HP: 66/67 MP: 16/18
  8296 | D:10     | Reached skill level 10 in Shapeshifting
  8797 | D:11     | Reached skill level 5 in Spellcasting
  8835 | D:11     | Noticed Lodul
  8971 | D:11     | Noticed a centaur warrior
  8977 | D:11     | Killed a centaur warrior
  8997 | D:11     | Reached *** piety under Hepliaklqana
  9064 | D:11     | Noticed a manticore
  9071 | D:11     | Killed a manticore
  9091 | D:11     | Noticed Grum
  9100 | D:11     | Killed Grum
  9162 | D:11     | Found a frozen archway.
  9171 | D:11     | Reached skill level 5 in Evocations
  9182 | IceCv    | Entered an ice cave
  9285 | IceCv    | Noticed a quicksilver ooze
  9291 | IceCv    | Killed a quicksilver ooze
  9292 | IceCv    | Reached skill level 11 in Shapeshifting
  9700 | IceCv    | Reached XP level 12. HP: 75/75 MP: 19/19
  9724 | IceCv    | Found a viscous altar of Jiyva.
  9724 | IceCv    | Noticed an azure jelly
  9762 | IceCv    | HP: 1/90 [azure jelly (12)]
  9763 | IceCv    | Slain by an azure jelly

Illustrated notes

Levels and vault maps discovered:
D:1:      heliophobic_arrival_enchanted_forest, layout_loops_ring,
          serial_park_tiny_1, grunt_decor_fettered, hangedman_glass_teeth
D:2:      kennysheep_six_static_rooms, layout_loops_ring, basic_altar
D:3:      layout_basic, vehumet_statue, hellmonk_ecumenical_altar_heavens_door,
          st_stairs_5
D:4:      layout_basic, uniq_pikel, uniq_sigmund
D:5:      layout_basic, minmay_temple_entry_sparse_star
D:6:      layout_loops_ring, nicolae_overflow_hidden_temple, guppyfry_shop_venom
D:7:      layout_gridville
D:8:      layout_loops_ring, nicolae_gozag_zags_fifth_avenue,
          nicolae_shop_i_like_big_books, uniq_jeremiah
D:9:      layout_roguey, grunt_temple_overflow_open, serial_corexii_hall,
          corexii_hall_statues_l, corexii_hall_statues_l
D:10:     layout_loops_ring
D:11:     minmay_box_of_curves, layout_grid_maze, orc_0_dummy, serial_rivers,
          chequers_serial_rivers_large_b, chequers_serial_rivers_micro_c,
          chequers_serial_rivers_micro_a, chequers_serial_rivers_micro_d,
          chequers_serial_rivers_small_3, chequers_serial_rivers_micro_b,
          portal_ice_cave_rime, uniq_lodul, uniq_grum
Temple:   sentei_temple_godly_chess
IceCv:    ice_cave_hellmonk_azure_passage

Skill      XL: |  1  2  3  4  5  6  7  8  9 10 11 |
---------------+----------------------------------+-----
Fighting       | 2 3 4 5 6 7 8 |  8.5
Shapeshifting  | 4 5 6 7 8 9 11 | 11.3
Unarmed Combat | 4 5 6 7 |  7.3
Invocations    | 2 4 |  4.2
Translocations | 1 3 5 |  5.3
Spellcasting   | 1 3 4 5 |  5.0
Evocations     | 3 5 |  5.7
Dodging        | |  2.0

Action                     |  1- 3 |  4- 6 |  7- 9 | 10-12 || total
---------------------------+-------+-------+-------+-------++-------
  Melee: Unarmed           |    65 |    67 |   183 |   276 ||   591
         Constrict         |    20 |    18 |    48 |    68 ||   154
         Punch             |     5 |     2 |     5 |       ||    12
         Tentacles         |     6 |    13 |    37 |       ||    56
   Fire: Shortbow          |       |     4 |     4 |       ||     8
         Arbalest          |       |       |    37 |       ||    37
   Cast: Blink             |       |       |     1 |       ||     1
 Invoke: Recall Ancestor   |       |       |     1 |     1 ||     2
         Ancestor Life: Ba |       |       |       |     1 ||     1
  Evoke: Wand              |       |       |       |     2 ||     2
    Use: Potion            |       |     1 |     1 |       ||     2
         Scroll            |       |       |       |    10 ||    10
   Stab: Sleeping          |     6 |     4 |     5 |       ||    15
         Distracted        |       |       |     1 |     5 ||     6
 Armour: Skin              |    17 |    29 |    78 |   197 ||   321
  Dodge: Dodged            |    32 |    33 |   129 |   185 ||   379
   Form: Anaconda          |       |       |     1 |       ||     1

Table legend: (Time is in decaauts)
 A = Elapsed time spent in this place.
 B = Non-inter-level travel time spent in this place.
 C = Inter-level travel time spent in this place.
 D = Time resting spent in this place.
 E = Time spent auto-exploring this place.
 F = Levels seen in this place.
 G = Mean time per level.
                   A        B        C        D        E       F      G
               +--------+--------+--------+--------+--------+-----+--------+
         Total |   9727 |   9299 |    428 |    791 |   6242 |  13 |  748.2 |
       Dungeon |   9134 |   8706 |    428 |    660 |   6190 |  11 |  830.4 |
        Temple |     18 |     18 |      0 |      0 |      0 |   1 |   18.0 |
      Ice Cave |    573 |    573 |      0 |    131 |     52 |   1 |  573.0 |
               +--------+--------+--------+--------+--------+-----+--------+

Top non-repeatable levels by time:
     D:4: 1372 daAuts
     D:8: 974 daAuts
     D:2: 953 daAuts
     D:6: 950 daAuts
     D:7: 948 daAuts
     D:1: 799 daAuts
    D:10: 751 daAuts
     D:3: 751 daAuts
     D:9: 728 daAuts
   IceCv: 573 daAuts
     D:5: 511 daAuts
    D:11: 391 daAuts
  Temple: 18 daAuts
